 Dungeon Crawl Stone Soup version bcrawl-1.36 (webtiles) character file.

Game seed: 16672786264460189432

91553 Rhok the Firebug (level 2, 23/23 HPs)
             Began as a Djinni Fire Elementalist on June 14, 2021.
             Got out of the dungeon alive.
             The game lasted 00:10:22 (466 turns).

Rhok the Firebug (Djinni Fire Elementalist)          Turns: 466, Time: 00:10:23

Health: 23/23      AC:  2    Str: 10    XL:     2   Next: 13%
Magic:  6/6        EV: 12    Int: 17    God:
Gold:   33         SH:  0    Dex: 11    Spells: 6/7 levels left

rFire    + . .     SeeInvis .     - Fists (3.0)
rCold    . . .     Gourm    .   (no shield)
rNeg     . . .     Faith    .   a - +0 robe
rPois    .         Spirit   .   (no helmet)
rElec    .         Reflect  .   (no cloak)
rCorr    .         Rnd*Rage +   (no gloves)
MR       .....                  (boots unavailable)
Stlth    ++........             g - amulet "Miarchiv" {Inacc rF+} (curse)
HPRegen  0.07/turn              (no ring)
MPRegen  0.10/turn              (no ring)

@: flying
A: never pass out, berserk 2, blurry vision 2, wild magic 1, MP-powered wands,
floating
a: no special abilities


You escaped.
You were not hungry.

You visited 1 branch of the dungeon, and saw 1 of its levels.

You collected 33 gold pieces.

Inventory:

Missiles
 c - 40 stones (quivered)
Armour
 a - a +0 robe (worn)
Jewellery
 g - the cursed amulet "Miarchiv" (around neck) {Inacc rF+}
   (You found it on level 1 of the Dungeon)

   [amulet of inaccuracy]

   It reduces the accuracy of all your attacks.
   It protects you from fire.
   It has a curse placed upon it.
Scrolls
 h - a scroll of teleportation {unknown}
Potions
 b - a potion of invisibility {unknown}
 f - 2 potions of berserk rage {unknown}
Comestibles
 e - 2 rations {!d}


   Skills:
 * Level 1.6 Fighting
 - Level 2.0 Dodging
 - Level 1.5 Stealth
 + Level 3.3 Spellcasting
 - Level 1.1 Conjurations
 - Level 3.6 Fire Magic


You had 6 spell levels left.
You knew the following spells:

 Your Spells              Type           Power        Failure   Level  Hunger
a - Flame Tongue          Conj/Fire      ##...        10%         1    None

Your spell library contained the following spells:

 Spells                   Type           Power        Failure   Level  Hunger
 Flaming Arrows           Chrm/Fire      ##......     17%         2    None
 Conjure Flame            Conj/Fire      ##......     26%         3    ####...
 Inner Flame              Hex/Fire       N/A          32%         3    ####...
 Sticky Flame             Conj/Fire      ##......     63%         4    #####..
 Fireball                 Conj/Fire      ##........   91%         5    ######.


Dungeon Overview and Level Annotations

Branches:
Dungeon (1/12)

Altars:


Innate Abilities, Weirdness & Mutations

You never pass out after going berserk.
You often lose your temper in combat.
Scrolls take you longer to read.
Your spells are a little harder to cast, but a little more powerful.
You expend magic power (3 MP) to strengthen your wands.
Your body floats in the air.


Message History

Saving game... please wait.
Warning: Cannot find file "HDamage.rc". (~/.crawlrc:116) Welcome back, Rhok the Djinni Fire Elementalist.
Press m to set your skill training.
Press ? for a list of commands and other information.
Put on which piece of jewellery? (? for menu, Esc to quit)
Oops, that amulet feels deathly cold.
g - the cursed amulet "Miarchiv" (around neck) {Inacc rF+} Unknown command.
Casting: Flame Tongue (safe; 10% risk of failure)
Confirm with . or Enter, or press ? or * to list all spells.
Aiming: Flame Tongue (safe; 10% risk of failure)
Press: ? - help, Shift-Dir - straight line, f - goblin
Aim: a goblin The flame tongue hits the goblin!
You kill the goblin!
Unknown command.
Unknown command.
There is a staircase leading out of the dungeon here.
Are you sure you want to leave the Dungeon?
This will make you lose the game!
You have escaped!

♣♣♣♣♣♣ ♣♣♣♣
♣♣♣♣♣♣P.♣P♣♣♣ ♣♣≈≈♣
♣♣...P..♣....♣♣♣≈≈≈♣
♣♣..@..♣♣♣♣♣.♣.♣♣♣≈≈≈
♣......♣ ♣♣.♣♣ ♣♣♣≈
♣♣♣..♣.♣ ♣♣.♣ ♣♣
♣♣..♣♣ ♣♣.♣♣ ♣♣.♣♣
♣.♣♣ ♣..♣ ♣..♣♣♣ ♣.♣♣
♣♣♣..♣♣ ♣ ♣.♣ ♣♣♣.♣♣
♣♣ ♣.♣♣♣ ♣♣.♣♣♣.


There were no monsters in sight!

Vanquished Creatures
  An ooze (D:1)
  2 goblins (D:1)
  A hobgoblin (D:1)
  2 bats (D:1)
6 creatures vanquished.

Notes
Turn   | Place    | Note
-------+----------+-------------------------------------------
     0 | D:1      | Rhok the Djinni Fire Elementalist began the quest for the
                  | Orb.
     0 | D:1      | Reached XP level 1. HP: 14/14 MP: 4/4
   175 | D:1      | Got a glittering pewter amulet
   246 | D:1      | Reached skill level 1 in Fighting
   260 | D:1      | Reached XP level 2. HP: 10/23 MP: 0/6
   371 | D:1      | Upgraded the game from bcrawl-1.31.4 to bcrawl-1.36
   396 | D:1      | Identified the cursed amulet "Miarchiv" {Inacc rF+} (You
                  | found it on level 1 of the Dungeon)
   466 | D:$      | Got out of the dungeon alive.

Skill      XL: |  1 |
---------------+----+-----
Fighting       | 1 |  1.6
Dodging        | |  2.0
Stealth        | |  1.5
Spellcasting   | |  3.3
Conjurations   | |  1.1
Fire Magic     | |  3.6

Action                   || total
-------------------------++-------
Melee: Unarmed           ||    11
 Cast: Flame Tongue      ||    12
Armor: Robe              ||     6
Dodge: Dodged            ||    24
